 Dungeon Crawl Stone Soup version 0.16-a0-3107-g0c274cb (webtiles) character file.

697545 stonewall the Conqueror (level 27, -14/242 (249) HPs)
             Began as a Mummy Arcane Marksman on Dec 11, 2014.
             Was a Believer of Makhleb.
             Killed from afar by a hellion (39 damage)
             ... with a burst of hellfire
             ... in Pandemonium on Dec 12, 2014.
             The game lasted 04:29:50 (108400 turns).

stonewall the Conqueror (Mummy Arcane Marksman)   Turns: 108400, Time: 04:29:50

HP:   -14/242 (249) AC: 31    Str: 27    XL:     27
MP:   38/38         EV:  8    Int: 15    God:    Makhleb [**....]
Gold: 745           SH:  0    Dex: 11    Spells: 1 memorised, 27 levels left

rFire  + + +     SeeInvis .     B - +9 lajatang (freeze)
rCold  + + +     Clarity  .     p - +1 gold dragon armour
rNeg   + + +     SustAb   .     (no shield)
rPois  ∞         Gourm    .     E - -2 hat of the Alchemist {rElec rPois rF+ rC+ rN+ MR+ rMut rCorr}
rElec  +         Spirit   .     t - +0 cloak of an ice cave {rF+ MR++}
rCorr  +         Warding  .     T - +0 pair of gloves of the Mackerel {rC+ Slay+3}
rMut   +         Stasis   .     Z - +2 pair of boots {Fly}
MR     +++++                    m - amulet of regeneration
Stlth  ..........               h - ring of Suspicion {rF+ rN+ MR+}
                                P - ring of Klecvubb {+cTele Str+4 Int+3}

@: flying, almost entirely resistant to hostile enchantments, extremely
unstealthy
A: no food or potions, fire vulnerability, strongly in touch with death, restore
body, cold resistance 1, negative energy resistance 3, poison resistance,
torment resistance, unbreathing
a: Self-Restoration, Minor Destruction, Renounce Religion, Stop Flying, Evoke
Teleport Control
}: 4/15 runes: decaying, slimy, silver, gossamer


You were in Pandemonium.
You worshipped Makhleb.
Makhleb was pleased with you.
You were not hungry.

You visited 12 branches of the dungeon, and saw 63 of its levels.
You visited Pandemonium 1 time, and saw 2 of its levels.
You visited 1 ziggurat, and saw 4 of its levels.
You also visited: Ossuary and Ice Cave.

You collected 34605 gold pieces.
You spent 9290 gold pieces at shops.
You paid 24559 gold pieces to Gozag.

Inventory:

Hand weapons
 a - the +7 Sceptre of Torment {Ah ha ha ha ha ha ha ha ha!}
   (You found it on level 9 of the Dungeon)
 b - the +4 eveningstar "Beqon" {vamp, +Blink +Rage rElec rF+ rC+}
   (You acquired it on level 5 of the Vaults)

   It inflicts no extra harm, but heals its wielder somewhat when it strikes a
   living foe.
   It protects you from fire.
   It protects you from cold.
   It insulates you from electricity.
   It lets you blink.
   It lets you go berserk.
 B - a +9 lajatang of freezing (weapon)
Armour
 p - a +1 gold dragon armour (worn)
 t - the +0 cloak of an ice cave (worn) {rF+ MR++}
   (You bought it in a shop on level 4 of the Orcish Mines)

   It protects you from fire.
   It affects your resistance to hostile enchantments.
 z - a +1 large shield of protection
 E - the -2 hat of the Alchemist (worn) {rElec rPois rF+ rC+ rN+ MR+ rMut rCorr}
   (You bought it in a shop on level 5 of the Depths)

   It protects you from fire.
   It protects you from cold.
   It insulates you from electricity.
   It protects you from poison.
   It protects you from negative energy.
   It affects your resistance to hostile enchantments.
   It protects you from acid and corrosion.
   It protects you from mutation.
 T - the +0 pair of gloves of the Mackerel (worn) {rC+ Slay+3}
   (You bought it in a shop on level 12 of the Dungeon)

   It affects your accuracy and damage with ranged weapons and melee attacks
   (+3).
   It protects you from cold.
 Z - a +2 pair of boots of flying (worn)
Rods
 v - a +7 rod of destruction (10/10)
   (You found it on level 6 of the Pits of Slime)
 A - a +8 lightning rod (14/14)
   (You found it on level 5 of the Vaults)
 X - a +7 rod of clouds (9/9)
   (You found it on level 3 of a ziggurat)
Jewellery
 e - an uncursed amulet of clarity
 f - the amulet of Xysauk {rMut +Blink rF+ rC+ Slay-2 SInv}
   (You bought it in a shop on level 15 of the Dungeon)

   [amulet of resist mutation]

   It protects you from mutation.
   It affects your accuracy and damage with ranged weapons and melee attacks
   (-2).
   It protects you from fire.
   It protects you from cold.
   It enhances your eyesight.
   It lets you blink.
 h - the ring of Suspicion (right hand) {rF+ rN+ MR+}
   (You bought it in a shop on level 15 of the Dungeon)

   [ring of protection from magic]

   It protects you from fire.
   It protects you from negative energy.
   It affects your resistance to hostile enchantments.
 m - an amulet of regeneration (around neck)
 s - a cursed ring of teleportation
 P - the ring of Klecvubb (left hand) {+cTele Str+4 Int+3}
   (You took it off an orc sorcerer on level 5 of the Vaults)

   [ring of teleport control]

   It can be evoked for teleport control.
   It affects your strength (+4).
   It affects your intelligence (+3).
Magical devices
 d - a wand of teleportation (4)
 o - a wand of teleportation (4)
 q - a wand of hasting (1)
 F - a wand of cold (1)
 G - a wand of teleportation (2)
 H - a wand of teleportation (1)
 J - a wand of hasting (0)
 K - a wand of heal wounds (4)
 L - a wand of fire (2)
 N - a wand of digging (5)
 S - a wand of teleportation (3)
 W - a wand of teleportation (4)
Scrolls
 g - a scroll of torment
 k - 36 scrolls of remove curse
 l - 2 scrolls of amnesia
 n - 5 scrolls of enchant weapon
 r - 8 scrolls of magic mapping
 u - a scroll of fear
 w - 13 scrolls of recharging
 D - a scroll of summoning
 M - 3 scrolls of silence
 O - 7 scrolls of teleportation
 Q - 9 scrolls of identify
 U - 2 scrolls of brand weapon
 V - 6 scrolls of fog
Books
 I - the Grimoire of Displaced Augmentations
   (You found it on level 4 of the Realm of Zot)

   Spells                             Type                      Level
   a - Infusion                       Charms                       1
   b - Control Teleport               Charms/Translocation         4
   c - Warp Weapon                    Charms/Translocation         5
   d - Haste                          Charms                       6
Miscellaneous
 c - a fan of gales
 i - a sack of spiders
 j - a phial of floods (inert, charging)
 x - a phial of floods (inert)
 y - a phial of floods
 C - a phial of floods
 R - a phial of floods
 Y - a sack of spiders


   Skills:
 O Level 27 Fighting
 - Level 16.5(18.0) Maces & Flails
 - Level 13.1(16.4) Staves
   Level 1.5 Slings
 + Level 22.7 Armour
 - Level 1.5 Dodging
 - Level 15.4 Shields
 - Level 1.0 Spellcasting
 - Level 2.6 Hexes
 - Level 12.7 Evocations


You had 27 spell levels left.
You knew the following spells:

 Your Spells              Type           Power        Failure   Level  Hunger
a - Corona                Hex            #......      87%         1    N/A

Dungeon Overview and Level Annotations

Branches:
Dungeon (15/15)            Temple (1/1) D:7            Lair (8/8) D:10
  Swamp (5/5) Lair:4       Spider (5/5) Lair:3        Slime (6/6) Lair:7
    Orc (4/4) D:9             Elf (3/3) Orc:3        Vaults (5/5) D:14
  Crypt (1/3) Vaults:3     Depths (5/5) D:15            Zot (5/5) Depths:5

Altars:
Ashenzari
Cheibriados
Dithmenos
Elyvilon
Fedhas
Gozag
Kikubaaqudgha
Makhleb
Nemelex Xobeh
Okawaru
Qazlal
Ru
Sif Muna
Trog
Vehumet
Xom
Yredelemnul
Zin
The Shining One
Beogh
Jiyva
Lugonu

Shops:
D:7 }   D:8 [   D:11 (   D:12 [[[   D:14 *   D:15 ?=   Orc:4 [!(**   Vaults:2 *
Vaults:3 (   Vaults:4 (   Depths:3 (   Depths:5 ([

Portals:
Hell: Depths:1 Depths:2 Depths:3 Depths:4 Depths:5
Abyss: Depths:4 Depths:5
Pandemonium: Depths:3 Depths:4

Annotations:
D:2 exclusion: 2 downstairs
D:6 exclusion: 2 doors
D:9 !OMG STONE GIANT WOOOOOOOOW, exclusions: 7 doors and 2 oklob saplings
D:10 exclusion: upstairs
Lair:5 exclusion: downstairs
Lair:6 exclusion: oklob plant
Lair:7 exclusion: 3 oklob plants
Lair:8 exclusion: upstairs
Elf:2 runed door
Depths:1 exclusion: obsidian statue


Innate Abilities, Weirdness & Mutations

You do not eat or drink.
Your flesh is vulnerable to fire.
You are strongly in touch with the powers of death.
You can restore your body by infusing magical energy.
Your flesh is cold resistant.
You are immune to negative energy.
Your system is resistant to poisons.
You are immune to unholy pain and torment.
You can survive without breathing.


Message History

You slice the hellwing!! You freeze the hellwing!
You kill the hellwing!
Makhleb accepts your kill.
You swing at nothing.
You swing at nothing.
You start resting.
A smoke demon comes into view.
A smoke demon is nearby!
A smoke demon is nearby!
The smoke demon roars! 4 hellions come into view.
Gozag incites the hellion against you.
The hellion seems to speed up.
The hellion gives a hideous shriek! x2
The hellion gestures at you.
The hellfire explodes!
The burst of hellfire engulfs you!
* * * LOW HITPOINT WARNING * * *
The hellion gestures at you.
The hellfire explodes!
The burst of hellfire engulfs you!
You die...

#..........#
##3.......#
#)######.# ≈ #)#
2≈≈ #(# &2≈§ #.#
2≈§≈≈ #.#
§§§≈..##.######.
≈§§≈...@.........
§§§≈............
§§§......#######
§§.#.#### ... #.
. #. . .


You could see Fruid (wandering), a smoke demon and 3 hellions.

Vanquished Creatures
  the royal jelly (Slime:6)
  4 orbs of fire (Zot:5)
  8 ancient liches (Zot:5)
  Saint Roka (Vaults:5)
  4 Killer Klowns
  4 curse toes
  7 golden dragons
  A pandemonium lord (Pan)
  Arachne (Spider:2)
  A bone dragon (Depths:5)
  7 electric golems
  3 caustic shrikes
  25 tentacled monstrosities
  2 quicksilver dragons
  8 titans
  6 liches
  25 Orb Guardians (Zot:5)
  2 deep elf blademasters (Elf:3)
  15 acid blobs
  A deep elf master archer (Elf:3)
  Rupert (Spider:3)
  Agnes (Swamp:2)
  2 thorn hunters
  An ancient champion (Vaults:3)
  10 shadow dragons
  8 tengu reavers
  5 draconian monks
  7 sphinxes
  19 storm dragons
  12 azure jellies
  A revenant (Vaults:3)
  11 fire giants
  Donald (Orc:4)
  2 orc warlords (Depths:1)
  Wiglaf (Depths:2)
  7 iron dragons
  2 draconian knights
  2 cacodemons
  6 ghost moths
  2 warmongers (Pan)
  8 frost giants
  A curse skull (Crypt:1)
  12 deep elf sorcerers
  2 draconian zealots
  16 vault wardens
  8 emperor scorpions
  2 ghouls (Crypt:1)
  A war gargoyle (Vaults:5)
  2 reapers (Pan)
  A stone giant (shapeshifter) (Vaults:5)
  3 spriggan defenders (Depths:4)
  2 draconian annihilators
  7 very ugly things
  3 draconian shifters
  24 stone giants
  6 draconian callers
  4 grey draconians
  3 vampire knights
  9 deep elf demonologists (Elf:3)
  9 purple draconians
  7 white draconians
  A chaos champion (Pan)
  5 deep elf annihilators
  6 pale draconians
  10 red draconians
  3 yellow draconians
  6 dire elephants
  7 black draconians
  3 green draconians
  7 mottled draconians
  12 ettins
  34 vault guards
  2 green deaths
  2 minotaurs (Depths:4)
  3 blizzard demons
  10 deep elf death magi
  8 death oozes (Slime:6)
  29 yaktaur captains
  5 jiangshi
  A caustic shrike skeleton (Depths:2)
  An eidolon (Crypt:1)
  23 death cobs
  23 ironheart preservers
  9 deep elf high priests
  12 fire dragons
  A quicksilver dragon skeleton (Crypt:1)
  2 rakshasas (Depths:4)
  A great orb of eyes (shapeshifter) (Vaults:3)
  10 great orbs of eyes
  A naga warrior (Lair:6)
  22 hydras
  2 ghost crabs (Swamp:5)
  28 ogre magi
  13 ice dragons
  Erica (D:14)
  6 deep troll shamans
  7 alligators
  11 centaur warriors
  A spriggan air mage (Depths:2)
  28 death yaks
  6 deep troll earth magi
  A satyr (shapeshifter) (Vaults:5)
  3 vampire magi
  3 tengu warriors
  2 orc high priests (Depths:1)
  2 sun demons
  A titan zombie (Depths:1)
  3 catoblepae (Lair:8)
  12 hell knights
  Nergalle (D:13)
  10 spriggan berserkers
  A titan skeleton (Depths:1)
  An iron troll (shapeshifter) (Vaults:3)
  18 skeletal warriors
  2 shadow wraiths (Vaults:4)
  3 soul eaters
  2 golden dragon zombies (Depths:3)
  27 deep elf knights
  A storm dragon skeleton (Depths:1)
  4 infernal demonspawn (Pan)
  7 swamp dragons
  5 giant orange brains
  A putrid demonspawn (Pan)
  18 orc knights
  2 wizards
  2 death drakes (shapeshifter) (Vaults:1)
  A gelid demonspawn (Pan)
  An iron troll (Depths:5)
  26 deep trolls
  A shadow demon (Pan)
  2 torturous demonspawn
  4 shambling mangroves
  10 deep elf summoners
  7 hill giants
  A hill giant (shapeshifter) (Vaults:5)
  Erolcha (Orc:4)
  A lindwurm (shapeshifter) (Vaults:2)
  11 necromancers
  A sphinx zombie (Depths:3)
  A tengu zombie (Vaults:5)
  10 shining eyes
  8 orc sorcerers
  14 deep elf conjurers
  15 harpies
  13 orb spiders
  An iron dragon zombie (Depths:4)
  26 ironbrand convokers
  13 red wasps
  A harpy (shapeshifter) (Vaults:2)
  A frost giant zombie (Crypt:1)
  4 manticores
  38 wolf spiders
  A salamander (shapeshifter) (Vaults:3)
  5 phantasmal warriors
  7 griffons
  A fire giant zombie (Depths:2)
  A red wasp (shapeshifter) (Vaults:4)
  A stone giant zombie (Vaults:5)
  A tengu skeleton (Vaults:5)
  An orb spider (shapeshifter) (Depths:2)
  2 rust devils
  11 cyclopes
  8 elephants
  2 manticores (shapeshifter)
  2 frost giant skeletons
  37 moths of wrath
  An octopode (shapeshifter) (Vaults:1)
  53 ugly things
  2 fire giant skeletons
  A stone giant skeleton (Vaults:5)
  2 molten gargoyles (D:11)
  16 vault sentinels
  4 torpor snails
  2 smoke demons (Pan)
  3 gargoyles
  5 black mambas
  5 centaur skeletons
  Psyche (D:9)
  64 yaktaurs
  A queen ant (Lair:8)
  An eye of devastation (Slime:5)
  5 hellwings
  14 spiny frogs
  7 kobold demonologists
  2 orange demons (Depths:1)
  2 yaktaur zombies
  4 fire drakes
  3 tormentors (Pan)
  3 tengu conjurers
  12 demonic crawlers
  11 komodo dragons
  3 wandering mushrooms (D:9)
  3 red devils
  An efreet (Zot:1)
  10 deep elf priests
  A minotaur zombie (Depths:1)
  53 jumping spiders
  A blue devil (Pan)
  A queen bee (shapeshifter) (Vaults:2)
  7 freezing wraiths
  A wind drake (Zot:4)
  13 trolls
  A jumping spider (shapeshifter) (Depths:4)
  3 polar bears
  7 giant leeches
  Prince Ribbit (Lair:3)
  A sphinx simulacrum (Depths:4)
  50 two-headed ogres
  A shadow dragon simulacrum (Depths:4)
  A tengu simulacrum (Depths:2)
  5 baby alligators
  An ettin zombie (Depths:2)
  61 slime creatures
  8 boulder beetles
  21 ravens
  A frost giant simulacrum (Depths:1)
  An alligator zombie (Crypt:1)
  7 basilisks
  18 blink frogs
  7 bog bodies
  A fire dragon zombie (Depths:1)
  A blink frog (shapeshifter) (Depths:2)
  26 trapdoor spiders
  2 air elementals (Depths:2)
  A fire giant simulacrum (Vaults:5)
  73 redbacks
  2 stone giant simulacra
  9 wraiths
  A griffon skeleton (Crypt:1)
  A deep troll skeleton (Depths:1)
  A spriggan skeleton (Depths:2)
  A spriggan (shapeshifter) (Elf:3)
  34 tarantellas
  2 large abominations (Elf:1)
  An ettin skeleton (Crypt:1)
  2 flying skulls (Zig:2)
  33 deep elf fighters
  2 water elementals
  68 yaks
  26 deep elf magi
  A hippogriff (shapeshifter) (Vaults:2)
  A vampire (D:9)
  Eustachio (D:6)
  4 golden eyes (Slime:5)
  13 spriggans
  A steam dragon (shapeshifter) (Depths:2)
  Grum (D:10)
  4 hungry ghosts
  2 neqoxecs (Pan)
  11 hippogriffs
  4 wyverns
  2 shadows (Crypt:1)
  32 vampire mosquitoes
  7 wolves
  A human (shapeshifter) (Zot:4)
  A chaos spawn (Depths:4)
  22 fire elementals
  2 nagas (Lair:6)
  27 swamp worms
  Edmund (D:5)
  11 insubstantial wisps
  A yaktaur simulacrum (Vaults:1)
  7 wargs
  A raven skeleton (Crypt:1)
  9 porcupines
  17 water moccasins
  2 human zombies
  11 ice beasts
  8 mottled dragons
  A soldier ant (shapeshifter) (Depths:3)
  A water nymph skeleton (Crypt:1)
  9 soldier ants
  4 sky beasts
  2 eyes of draining (shapeshifter)
  17 swamp drakes
  2 black bears
  2 boggarts (Vaults:3)
  29 spiders
  37 orc warriors
  17 yellow wasps
  20 centaurs
  A phantom (D:9)
  A torpor snail zombie (Zig:2)
  92 ogres
  2 boring beetles
  An eye of draining (Slime:6)
  19 crocodiles
  4 necrophages
  A gnoll sergeant (D:13)
  5 big kobolds
  5 elf zombies
  17 giant frogs
  A deep troll simulacrum (Vaults:1)
  2 wyvern zombies
  26 jellies
  6 scorpions
  21 killer bees
  2 wyvern skeletons
  28 wights
  4 electric eels (D:11)
  12 crimson imps
  5 lava snakes (D:11)
  4 centaur zombies
  A giant frog zombie (D:10)
  2 goliath beetles
  2 quasits
  A yellow wasp zombie (D:9)
  A goliath beetle (shapeshifter) (Vaults:2)
  A giant frog skeleton (D:9)
  17 hounds
  12 iguanas
  3 iron imps
  23 orc priests
  35 orc wizards
  36 worker ants
  Ijyb (D:6)
  38 sheep
  A big kobold zombie (Ossuary)
  2 hound skeletons (D:8)
  Terence (D:3)
  2 mummies (Ossuary)
  A worker ant zombie (D:11)
  6 gnolls (D:13)
  29 adders
  57 river rats
  10 shadow imps
  2 giant mites
  17 white imps
  4 worms
  An ufetubus (Depths:4)
  3 adder skeletons
  3 adder zombies
  6 giant geckos
  An ooze (D:2)
  An ooze (shapeshifter) (Depths:1)
  188 orcs
  4 bat skeletons
  A bat zombie (D:7)
  25 goblins
  17 hobgoblins
  14 jackals
  11 quokkas
  3 ball pythons
  9 bats
  6 giant cockroaches
  5 giant newts
  A giant newt skeleton (Crypt:1)
  2 giant spores
  A goblin skeleton (D:4)
  2 goblin zombies
  12 hobgoblin zombies
  A jackal skeleton (D:8)
  3 jackal zombies
  35 kobolds
  12 kobold zombies
  3 orc skeletons (D:4)
  12 orc zombies
  A quokka zombie (D:5)
  21 rats
  4 spectral orcs (D:13)
  16 ballistomycetes
  2 briar patches
  2 fungi
  A grand avatar (Pan)
3282 creatures vanquished.

Vanquished Creatures (collateral kills)
  A Shadow Fiend (Pan)
  An Executioner (Pan)
  A wolf spider (Spider:5)
  A water elemental (Pan)
  A tormentor (Pan)
  A trapdoor spider (Spider:5)
  A tarantella (Spider:5)
7 creatures vanquished.

Vanquished Creatures (others)
  A quicksilver dragon (Depths:4)
  A draconian monk (Zot:1)
  2 fire giants
  A draconian scorcher (Zot:1)
  A red draconian (Zot:1)
  A blood saint (Pan)
  3 deep elf high priests
  A vault guard (Vaults:4)
  An ice dragon (Zot:4)
  An ogre mage (Vaults:3)
  3 necromancers
  A wizard (Depths:3)
  An orc sorcerer (Vaults:3)
  A wolf spider (Spider:5)
  A human zombie (Vaults:5)
  An ugly thing (Vaults:3)
  A moth of wrath (Spider:5)
  2 yaktaurs
  A deep elf priest (Vaults:3)
  A jumping spider (Spider:5)
  14 water elementals
  A deep elf mage (Vaults:5)
  A redback (Vaults:3)
  A shadow (D:13)
  2 vampire mosquitoes (Vaults:3)
  A swamp worm (Swamp:5)
  A water moccasin (Swamp:1)
  2 boggarts (Vaults:3)
  A boggart (shapeshifter) (Vaults:5)
  3 ogres
  8 lost souls
  An orc wizard (D:11)
  3 orcs
  8 giant spores
  2 kobolds (Vaults:2)
  10 fungi
  3 plants
88 creatures vanquished.

Grand Total: 3377 creatures vanquished

Notes
Turn   | Place    | Note
--------------------------------------------------------------
     0 | D:1      | stonewall, the Mummy Arcane Marksman, began the quest for the Orb.
     0 | D:1      | Reached XP level 1. HP: 15/15 MP: 2/2
   244 | D:1      | Reached XP level 2. HP: 22/22 MP: 3/3
   651 | D:1      | Reached skill level 3 in Fighting
   835 | D:2      | Reached XP level 3. HP: 29/29 MP: 4/4
  1348 | D:2      | Found a blossoming altar of Fedhas.
  1481 | D:2      | Reached skill level 4 in Fighting
  1481 | D:2      | Reached XP level 4. HP: 37/37 MP: 5/5
  1961 | D:3      | Noticed an ogre
  2539 | D:3      | Noticed Terence
  2545 | D:3      | Killed Terence
  2545 | D:3      | Reached XP level 5. HP: 41/43 MP: 7/7
  2579 | D:3      | Noticed an ogre
  3068 | D:4      | Reached skill level 5 in Fighting
  3434 | D:4      | Found a glowing golden altar of the Shining One.
  3940 | D:4      | Reached skill level 6 in Fighting
  3955 | D:4      | Reached XP level 6. HP: 36/52 MP: 8/8
  4401 | D:4      | Noticed an ogre
  4415 | D:4      | Killed an ogre
  4738 | D:5      | Entered Level 5 of the Dungeon
  4746 | D:5      | Got an ivory whip
  4747 | D:5      | Identified the +9 whip "Hatseo" {slash, rElec rC-} (You found it on level 5 of the Dungeon)
  4832 | D:5      | Reached skill level 1 in Maces & Flails
  5109 | D:3      | Killed an ogre
  5109 | D:3      | Reached XP level 7. HP: 41/59 MP: 9/9
  5148 | D:3      | Killed an ogre
  5707 | D:5      | Reached skill level 5 in Maces & Flails
  5707 | D:5      | Reached XP level 8. HP: 40/65 MP: 10/10
  5899 | D:5      | Found a shadowy altar of Dithmenos.
  5929 | D:5      | Noticed Edmund
  5946 | D:5      | Killed Edmund
  6452 | D:5      | Got a distressingly furry chain mail
  6463 | D:5      | Identified the +4 chain mail of Mimeanti {rF+ rCorr} (You found it on level 5 of the Dungeon)
  7217 | D:6      | Reached skill level 7 in Maces & Flails
  7298 | D:6      | Noticed Ijyb
  7299 | D:6      | Noticed Eustachio
  7308 | D:6      | Killed Ijyb
  7321 | D:6      | Killed Eustachio
  7696 | D:6      | Reached XP level 9. HP: 58/71 MP: 11/11
  7722 | D:6      | Reached skill level 8 in Maces & Flails
  8312 | D:7      | Found a staircase to the Ecumenical Temple.
  8330 | D:7      | Reached skill level 9 in Maces & Flails
  8334 | Temple   | Entered the Ecumenical Temple
  8368 | Temple   | Became a worshipper of Gozag Ym Sagoz the Greedy
  8441 | D:7      | Found a deep blue altar of Sif Muna.
  8703 | D:7      | Found a sand-covered staircase.
  8720 | Ossuary  | Entered an ossuary
  9452 | D:8      | Reached skill level 10 in Maces & Flails
  9953 | D:8      | Found a shattered altar of Ashenzari.
  9954 | D:8      | Found a glowing silver altar of Zin.
  9955 | D:8      | Found a glowing golden altar of the Shining One.
 10440 | D:8      | Reached XP level 10. HP: 77/77 MP: 13/13
 10738 | D:8      | Found Ifiginie's Armour Shop.
 11121 | D:9      | Noticed Psyche
 11136 | D:9      | Killed Psyche
 11136 | D:9      | Reached skill level 11 in Maces & Flails
 11231 | D:9      | Found a staircase to the Orcish Mines.
 11467 | D:9      | Found a runed door.
 11872 | D:9      | Found a bloodstained altar of Trog.
 11872 | D:9      | Found a stormy altar of Qazlal.
 12124 | D:9      | Found a shimmering altar of Xom.
 12274 | D:9      | Found a blossoming altar of Fedhas.
 12329 | D:9      | Reached skill level 12 in Maces & Flails
 12626 | D:9      | Noticed a stone giant
 12626 | D:9      | Noticed a fire dragon
 12660 | D:10     | Entered Level 10 of the Dungeon
 12722 | D:10     | Noticed Grum
 13019 | D:10     | Killed Grum
 13116 | D:11     | Reached XP level 11. HP: 79/87 MP: 14/14
 13181 | D:10     | Found a sparkling altar of Nemelex Xobeh.
 13729 | D:10     | Found a staircase to the Lair.
 14191 | D:10     | Reached skill level 10 in Fighting
 14248 | Lair:1   | Entered Level 1 of the Lair of Beasts
 14898 | Lair:1   | Reached skill level 1 in Armour
 15641 | Lair:2   | Reached skill level 5 in Armour
 16985 | Lair:3   | Found a hole to the Spider Nest.
 17262 | Lair:3   | Noticed Prince Ribbit
 17590 | Lair:3   | Reached XP level 12. HP: 71/99 MP: 15/15
 17784 | Lair:3   | Killed Prince Ribbit
 18085 | Lair:3   | Got a smoking hunting sling
 19272 | Lair:4   | Noticed an eight-headed hydra
 19285 | Lair:4   | Killed an eight-headed hydra
 19858 | Lair:4   | Found a staircase to the Swamp.
 22473 | D:11     | Reached skill level 10 in Armour
 22486 | D:11     | Noticed a hill giant
 22496 | D:11     | Killed a hill giant
 22819 | D:11     | Reached skill level 1 in Shields
 22938 | D:11     | Noticed a cyan ugly thing
 22974 | D:11     | Killed a cyan ugly thing
 23185 | D:11     | Noticed a hill giant
 23197 | D:11     | Killed a hill giant
 23595 | D:11     | Found Saskuci's Antique Weapon Emporium.
 24068 | D:12     | Reached XP level 13. HP: 104/104 MP: 16/16
 24134 | D:12     | Found Byreij's Food Shoppe.
 24492 | D:12     | Found Bliugr Qamo's Antique Armour Shoppe.
 24495 | D:12     | Bought a pair of pitted gloves for 313 gold pieces
 24500 | D:12     | Identified the +0 pair of gloves of the Mackerel {rC+ Slay+3} (You bought it in a shop on level 12 of the Dungeon)
 24530 | D:12     | Found Cunozain's Antique Armour Shoppe.
 24550 | D:12     | Found Archaab's Antique Armour Boutique.
 24552 | D:12     | Bought a helmet for 144 gold pieces
 24624 | D:12     | Reached skill level 5 in Shields
 24951 | Lair:6   | Found a staircase to the Snake Pit.
 26384 | Lair:7   | Found a staircase to the Slime Pits.
 26459 | Lair:7   | Noticed an azure jelly
 26515 | Lair:8   | Entered Level 8 of the Lair of Beasts
 28263 | Lair:8   | Reached skill level 10 in Shields
 28467 | Lair:8   | Reached XP level 14. HP: 111/111 MP: 18/18
 30618 | Lair:7   | Killed an azure jelly
 31586 | D:13     | Found a frozen archway.
 31645 | IceCv    | Entered an ice cave
 31986 | D:13     | Noticed Nergalle
 32066 | D:13     | Killed Nergalle
 32463 | D:13     | Reached skill level 13 in Shields
 33616 | D:14     | Noticed Erica
 33672 | D:14     | Killed Erica
 33672 | D:14     | Reached XP level 15. HP: 104/117 MP: 18/18
 33703 | D:14     | Found Hutzifits' Assorted Antiques.
 34496 | D:14     | Reached skill level 14 in Shields
 34770 | D:14     | Found a gate to the Vaults.
 35126 | D:15     | Entered Level 15 of the Dungeon
 35483 | D:15     | Found Shie's Jewellery Boutique.
 35491 | D:15     | Bought the amulet of Xysauk {rMut +Blink rF+ rC+ Slay-2 SInv} for 765 gold pieces
 35491 | D:15     | Bought the ring of Suspicion {rF+ rN+ MR+} for 518 gold pieces
 35491 | D:15     | Bought the ring "Ampis" {rF+ SInv} for 348 gold pieces
 35555 | D:15     | Found a corrupted altar of Lugonu.
 36700 | D:15     | Reached skill level 15 in Shields
 37479 | D:15     | Found a staircase to the Depths.
 38010 | D:15     | Upgraded the game from 0.16-a0-3086-ga63ba9b to 0.16-a0-3107-g0c274cb
 38582 | Orc:1    | Entered Level 1 of the Orcish Mines
 39049 | Orc:2    | Found a radiant altar of Vehumet.
 39544 | Orc:1    | Found a bloodstained altar of Trog.
 40037 | D:12     | Bought a translucent plate armour for 924 gold pieces
 40047 | D:12     | Identified the +4 plate armour "Peitym" {rF+} (You bought it in a shop on level 12 of the Dungeon)
 40807 | Orc:3    | Found a staircase to the Elven Halls.
 41150 | Orc:4    | Entered Level 4 of the Orcish Mines
 41635 | Orc:4    | Found Schaung's Assorted Antiques.
 41635 | Orc:4    | Found Jisih's Distillery.
 41636 | Orc:4    | Found Qudair's Antique Weapon Shoppe.
 41636 | Orc:4    | Found Rianax's Antique Armour Shop.
 41650 | Orc:4    | Bought a scorched cloak for 304 gold pieces
 41650 | Orc:4    | Identified the +0 cloak of an ice cave {rF+ MR++} (You bought it in a shop on level 4 of the Orcish Mines)
 41719 | Orc:4    | Bought a scroll of teleportation for 66 gold pieces
 41853 | Orc:4    | Noticed Donald
 41855 | Orc:4    | Found Shraiq's Assorted Antiques.
 41927 | Orc:4    | Killed Donald
 41927 | Orc:4    | Reached XP level 16. HP: 60/124 MP: 19/19
 42234 | Orc:4    | Bought a scroll of teleportation for 120 gold pieces
 42241 | Orc:4    | Noticed Erolcha
 42257 | Orc:4    | Killed Erolcha
 42429 | Orc:4    | Found a roughly hewn altar of Beogh.
 42803 | D:9      | Killed a fire dragon
 42957 | D:9      | Killed a stone giant
 43160 | Spider:1 | Entered Level 1 of the Spider Nest
 44697 | Spider:1 | Identified a scroll of acquirement
 45538 | Spider:2 | Noticed Arachne
 45556 | Spider:2 | Killed Arachne
 46252 | Spider:2 | Reached skill level 15 in Maces & Flails
 46392 | Spider:3 | Noticed Rupert
 46405 | Spider:3 | Killed Rupert
 47531 | Spider:4 | Reached XP level 17. HP: 126/133 MP: 20/20
 48798 | Spider:5 | Entered Level 5 of the Spider Nest
 50631 | Spider:5 | Got an encrusted broad axe
 50659 | Spider:5 | Identified the +6 broad axe "Giantbane" {chop, rPois} (You found it on level 5 of the Spider Nest)
 50794 | Spider:5 | Reached skill level 15 in Fighting
 50873 | Spider:5 | Got a gossamer rune of Zot
 51775 | Elf:1    | Entered Level 1 of the Elven Halls
 52193 | Elf:1    | Identified the Compendium of Unholy Secrets
 52637 | Elf:1    | Found a bloodstained altar of Trog.
 52842 | Elf:1    | Identified Lesma's Handbook of Shifting Snow
 53863 | Elf:2    | Reached XP level 18. HP: 86/149 MP: 20/20
 54319 | Elf:2    | Found a huge runed gate.
 54320 | Elf:2    | Found a huge runed gate.
 54323 | Elf:2    | Found a huge runed gate.
 54477 | Elf:3    | Entered Level 3 of the Elven Halls
 54625 | Elf:3    | Found a radiant altar of Vehumet.
 55501 | Elf:3    | HP: 4/149 [deep elf sorcerer/blast of hellfire (37)]
 57050 | Elf:3    | Got a clouded tin ring
 57742 | D:12     | Got an iridescent broad axe
 57743 | D:12     | Identified the +3 broad axe of a volcano {freeze, Contam rPois rC+} (You took it off an orc on level 12 of the Dungeon)
 58180 | Swamp:1  | Entered Level 1 of the Swamp
 59270 | Swamp:1  | Identified the ring of Malal {Ice Int-5 Dex+2} (You took it off a deep elf annihilator on level 3 of the Elven Halls)
 59482 | Swamp:2  | Noticed Agnes
 59498 | Swamp:2  | Killed Agnes
 59498 | Swamp:2  | Reached skill level 15 in Armour
 59946 | Swamp:2  | Reached XP level 19. HP: 151/155 MP: 21/21
 61447 | Swamp:5  | Entered Level 5 of the Swamp
 61700 | Swamp:5  | HP: 3/155 [vampire mosquito (7)]
 63218 | Swamp:5  | Got a decaying rune of Zot
 63459 | Swamp:5  | Reached skill level 16 in Fighting
 64299 | Vaults:1 | Entered Level 1 of the Vaults
 65292 | Vaults:1 | Reached skill level 17 in Fighting
 66255 | Vaults:2 | Found Wuckam's Assorted Antiques.
 66275 | Vaults:2 | Reached skill level 18 in Fighting
 66325 | Vaults:2 | Reached XP level 20. HP: 170/170 MP: 22/22
 67096 | Vaults:2 | Identified the Papyrus of Clay and the Frostbite (You found it on level 2 of the Vaults)
 67802 | Vaults:3 | Found Ghiul's Weapon Shop.
 67916 | Vaults:3 | Reached skill level 19 in Fighting
 68704 | Vaults:3 | Reached skill level 20 in Fighting
 68868 | Vaults:3 | Found a staircase to the Crypt.
 70110 | Vaults:4 | Found Cuerohue's Antique Weapon Shoppe.
 70115 | Vaults:4 | Bought a runed lajatang for 585 gold pieces
 70115 | Vaults:4 | Bought a runed great mace for 253 gold pieces
 70323 | Vaults:4 | Reached XP level 21. HP: 90/185 MP: 22/22
 70331 | Vaults:4 | Reached skill level 21 in Fighting
 71913 | Vaults:5 | Entered Level 5 of the Vaults
 72275 | Vaults:4 | Reached skill level 22 in Fighting
 73422 | Vaults:5 | Got a twisted eveningstar
 73423 | Vaults:5 | Identified the +4 eveningstar "Beqon" {vamp, +Blink +Rage rElec rF+ rC+} (You acquired it on level 5 of the Vaults)
 73658 | Vaults:5 | Got a silver rune of Zot
 74528 | Vaults:4 | Reached XP level 22. HP: 172/198 MP: 23/23
 75337 | Vaults:5 | Noticed Saint Roka
 76437 | Depths:1 | Entered Level 1 of the Depths
 77556 | Depths:1 | Got a pair of slimy gloves
 77557 | Depths:1 | Identified the +2 pair of gloves of Jown {rElec Dex+4} (You found it on level 1 of the Depths)
 77720 | Depths:1 | Found a gateway to Hell.
 78498 | Depths:2 | Found a gateway to a ziggurat.
 78534 | Zig:1    | Entered Level 1 of a ziggurat
 78684 | Zig:2    | Entered Level 2 of a ziggurat
 78765 | Zig:3    | Entered Level 3 of a ziggurat
 78884 | Zig:4    | Entered Level 4 of a ziggurat
 78941 | Depths:2 | Got a transparent mace
 78942 | Depths:2 | Identified the +10 mace of Zawn {drain, MR+ Int+3} (You acquired it on level 2 of the Depths)
 78952 | Depths:2 | Noticed Wiglaf
 79094 | Depths:2 | Killed Wiglaf
 79349 | Depths:2 | Reached XP level 23. HP: 189/205 MP: 23/23
 80136 | Depths:3 | Found Xoceuxt's Weapon Shop.
 80225 | Depths:3 | Found a one-way gate leading to the halls of Pandemonium.
 80589 | Depths:3 | Identified a +7 rod of clouds (9/9) (You found it on level 3 of a ziggurat)
 81048 | Depths:3 | Identified the Catalogue of Execration (You found it on level 3 of the Depths)
 81494 | Depths:4 | Found a one-way gate to the infinite horrors of the Abyss.
 84069 | Orc:4    | Bought a gold dragon hide for 2240 gold pieces
 85159 | Vaults:5 | Killed Saint Roka
 85159 | Vaults:5 | Reached XP level 24. HP: 179/212 MP: 24/24
 85531 | Vaults:5 | Got a fine brass ring
 85646 | Vaults:5 | Noticed an ancient lich
 85841 | Vaults:5 | Identified the ring of Klecvubb {+cTele Str+4 Int+3} (You took it off an orc sorcerer on level 5 of the Vaults)
 85906 | Vaults:5 | Reached skill level 1 in Staves
 86083 | Vaults:5 | Got a steaming ruby amulet
 86177 | Vaults:5 | Identified the amulet of the Open Hand {+Rage Str+1} (You took it off a frost giant on level 5 of the Vaults)
 86371 | Vaults:5 | Identified the Volume of Malediction
 87205 | Depths:1 | Reached skill level 1 in Evocations
 87918 | Depths:5 | Entered Level 5 of the Depths
 87959 | Depths:5 | Found Thrial's Armour Shoppe.
 87976 | Depths:5 | Bought the -2 hat of the Alchemist {rElec rPois rF+ rC+ rN+ MR+ rMut rCorr} for 1038 gold pieces
 88037 | Depths:5 | Reached skill level 5 in Evocations
 88299 | Depths:5 | Found Skosm's Antique Weapon Boutique.
 89111 | Depths:5 | Found a gate to the Realm of Zot.
 89925 | Slime:1  | Entered Level 1 of the Pits of Slime
 90028 | Slime:1  | Reached skill level 10 in Evocations
 90359 | Slime:2  | Reached XP level 25. HP: 179/219 MP: 35/35
 90636 | Slime:6  | Entered Level 6 of the Pits of Slime
 90867 | Slime:6  | Found a viscous altar of Jiyva.
 90870 | Slime:6  | Noticed the royal jelly
 90898 | Slime:6  | Killed the royal jelly
 91372 | Slime:6  | Got a slimy rune of Zot
 91949 | D:15     | Bought a scroll of acquirement for 832 gold pieces
 92117 | Zot:1    | Entered Level 1 of the Realm of Zot
 92909 | Zot:1    | Reached skill level 23 in Fighting
 95569 | Zot:3    | Reached XP level 26. HP: 224/226 MP: 37/37
 96523 | Zot:4    | Reached skill level 5 in Staves
 96600 | Zot:4    | Identified a +7 rod of destruction (10/10) (You found it on level 6 of the Pits of Slime)
 99021 | Zot:4    | Reached skill level 10 in Staves
 99926 | Zot:4    | Identified the Grimoire of Displaced Augmentations
100172 | Zot:5    | Entered Level 5 of the Realm of Zot
101488 | Zot:5    | Noticed an ancient lich
101505 | Zot:5    | Killed an ancient lich
101513 | Zot:5    | Reached XP level 27. HP: 166/234 MP: 38/38
101690 | Zot:5    | Noticed an ancient lich
101706 | Zot:5    | Killed an ancient lich
101798 | Zot:5    | Reached skill level 24 in Fighting
101860 | Zot:5    | Noticed an ancient lich
101861 | Zot:5    | Noticed an ancient lich
101905 | Zot:5    | Killed an ancient lich
102010 | Zot:5    | Noticed an orb of fire
102251 | Zot:5    | Killed an orb of fire
102379 | Zot:5    | Noticed an ancient lich
102399 | Zot:5    | Killed an ancient lich
102403 | Zot:5    | Noticed an ancient lich
102414 | Zot:5    | Killed an ancient lich
102414 | Zot:5    | Reached skill level 25 in Fighting
102518 | Zot:5    | Noticed an orb of fire
102575 | Zot:5    | Noticed an ancient lich
102579 | Zot:5    | Noticed an orb of fire
102607 | Zot:5    | Killed an orb of fire
102620 | Zot:5    | HP: 3/235 [ancient lich/iron shot (76)]
102623 | Zot:5    | Killed an ancient lich
102940 | Zot:5    | Noticed an orb of fire
102967 | Zot:5    | Killed an orb of fire
103237 | Zot:5    | Noticed an ancient lich
103262 | Zot:5    | Killed an ancient lich
103432 | Zot:5    | Killed an ancient lich
103432 | Zot:5    | Reached skill level 26 in Fighting
104157 | Zot:5    | Killed an orb of fire
104699 | Zot:5    | Reached skill level 27 in Fighting
105531 | D:7      | Bought a sack of spiders for 280 gold pieces
105531 | D:7      | Bought a fan of gales for 560 gold pieces
105600 | Temple   | Fell from the grace of Gozag
105600 | Temple   | Became a worshipper of Makhleb the Destroyer
106073 | Crypt:1  | Entered Level 1 of the Crypt
106751 | Crypt:1  | Acquired Makhleb's first power
107703 | Pan      | Entered Pandemonium
107994 | Pan      | Acquired Makhleb's second power
108095 | Pan      | Noticed Ghama the pandemonium lord
108126 | Pan      | Killed Ghama the pandemonium lord
108364 | Pan      | Found an exit through the horrors of the Abyss.
108400 | Pan      | Killed from afar by a hellion

Action                   |  1- 3 |  4- 6 |  7- 9 | 10-12 | 13-15 | 16-18 | 19-21 | 22-24 | 25-27 || total
-------------------------+-------+-------+-------+-------+-------+-------+-------+-------+-------++-------
Melee: Long sword        |       |    72 |       |       |       |       |       |       |       ||    72
       Unarmed           |       |    38 |       |       |       |       |       |       |       ||    38
       Whip              |       |    15 |   560 |  1409 |  3129 |   323 |   471 |       |       ||  5907
       Mace              |       |       |       |       |       |  2220 |  1840 |  1068 |   363 ||  5491
       Eveningstar       |       |       |       |       |       |       |   209 |  1793 |  2360 ||  4362
       Lajatang          |       |       |       |       |       |       |       |       |   415 ||   415
 Fire: Hunting sling     |   208 |   241 |       |       |       |       |       |       |       ||   449
       Blowgun           |       |    11 |     5 |    15 |     5 |    18 |       |       |       ||    54
Throw: Stone             |       |       |     1 |       |       |       |       |       |       ||     1
Invok: Potion Petition   |       |       |     1 |     1 |     1 |     8 |     1 |     6 |       ||    18
       Call Merchant     |       |       |       |     2 |     2 |     1 |     1 |     2 |     2 ||    10
 Abil: Evoke Flight      |       |       |       |       |       |     2 |     2 |     2 |       ||     6
       Stop Flying       |       |       |       |       |       |     1 |       |       |       ||     1
       Evoke Blink       |       |       |       |       |       |       |       |       |     2 ||     2
Evoke: Wand              |       |       |       |     4 |    10 |    14 |       |     7 |    19 ||    54
       Phial of floods   |       |       |       |       |     2 |       |     1 |       |     9 ||    12
  Use: Scroll            |       |     2 |     5 |    12 |    18 |    19 |    15 |    39 |     8 ||   118
 Stab: Distracted        |       |       |       |     4 |    11 |     4 |     3 |     9 |     7 ||    38
       Fleeing           |       |       |       |     1 |       |       |       |       |       ||     1
       Confused          |       |       |       |       |     4 |       |       |       |       ||     4
